 Dungeon Crawl Stone Soup version 0.29.1-1-gd02db6906a (webtiles) character file.

Game seed: 12513545316028867668

464 raistware the Conjurer (level 7, -1/45 HPs)
             Began as an Octopode Conjurer on Oct 20, 2022.
             Slain by Dowan
             ... wielding a +0 dagger
              (5 damage)
             ... on level 5 of the Dungeon.
             The game lasted 00:11:01 (4549 turns).

raistware the Conjurer (Octopode Conjurer)          Turns: 4549, Time: 00:11:02

Health: -1/45      AC:  1    Str:  6    XL:     7   Next: 7%
Magic:  5/13       EV: 13    Int: 23    God:
Gold:   196        SH:  0    Dex: 10    Spells: 5/14 levels left

rFire   + . .      SeeInvis .   p - staff of cold
rCold   + . .      Faith    .   r - orb {light}
rNeg    . . .      Spirit   .   (helmet restricted)
rPois   .          Reflect  .   m - amulet of regeneration
rElec   .          Harm     .   n - ring of protection from cold
rCorr   +          Rampage  .   o - ring of resist corrosion
Will    .....                   i - ring of fire
Stlth   +.........              (no ring)
HPRegen 0.95/turn               (no ring)
MPRegen 0.13/turn               (no ring)
                                (no ring)
                                (no ring)

@: very slightly contaminated, glowing
A: almost no armour, amphibious, 8 rings, camouflage 1, gelatinous body 1,
(nimble swimmer 1), tentacles
a: no special abilities


You were on level 5 of the Dungeon.
You visited 1 branch of the dungeon, and saw 5 of its levels.

You collected 196 gold pieces.

Inventory:

Armour
 r - an orb of light (worn)
Magical Staves
 p - a staff of cold (weapon)
Jewellery
 i - a ring of fire (on tentacle)
 m - an amulet of regeneration (around mantle)
 n - a ring of protection from cold (left tentacle)
 o - a ring of resist corrosion (right tentacle)
Scrolls
 b - 3 scrolls of teleportation {unknown}
 d - 2 scrolls of magic mapping {unknown}
 e - 10 scrolls of identify {unknown}
 f - a scroll of fog {unknown}
 h - 2 scrolls of immolation {unknown}
 l - a scroll of enchant armour {unknown}
 u - a scroll of acquirement {unknown}
 w - a scroll of fear {unknown}
Potions
 c - 2 potions of heal wounds {unknown}
 g - 2 potions of haste {unknown}
 q - a potion of ambrosia {unknown}
 s - a potion of flight {unknown}
 t - a potion of might {unknown}
 v - a potion of lignification {unknown}


   Skills:
 - Level 2.0 Fighting
 + Level 1.9 Staves
 + Level 3.0 Dodging
 + Level 2.7 Stealth
 - Level 4.0 Spellcasting
 * Level 5.2 Conjurations
 + Level 1.9 Translocations
 - Level 1.0 Ice Magic
 - Level 1.0 Poison Magic
 + Level 0.0 Evocations


You had 5 spell levels left.
You knew the following spells:

 Your Spells              Type           Power      Damage    Failure   Level
a - Magic Dart            Conj           100%       1d8       1%          1
b - Iskenderun's Mystic   Conj/Tloc      21%        2d6       24%         4
c - Olgreb's Toxic Radia  Pois           9%         N/A       56%         4

Your spell library contained the following spells:

 Spells                   Type           Power      Damage    Failure   Level
 Searing Ray              Conj           56%        2d6       1%          2
 Sting                    Tmut/Pois      28%        1d4       9%          1
 Dazzling Flash           Conj/Hex       32%        N/A       11%         3
 Poisonous Vapours        Pois/Air       14%        N/A       13%         2
 Fulminant Prism          Conj/Hex       8%         3d7       34%         4


Dungeon Overview and Level Annotations

Branches:
Dungeon (5/15)             Temple (0/1) D:4

Altars:
Elyvilon
Qazlal

Shops:
D:4 [

Annotations:
D:5 exclusion: black bear, Dowan, Duvessa, Ijyb, Menkaure


Innate Abilities, Weirdness & Mutations

You cannot wear most types of armour.
You are amphibious.
You can wear up to eight rings at the same time.
Your skin changes colour to match your surroundings (Stealth+).
Your rubbery body absorbs attacks. (AC +1, EV +1)
((You are camouflaged when in or above water. (Stealth+)))
You have tentacles for arms and can constrict up to eight enemies at once.


Message History

Throw: dart (poison)
Press: ? - help, Shift-Dir - straight line, f/p - Duvessa
Aim: Duvessa, wielding a +0 short sword and wearing a +0 scale mail (almost dead, fast, haloed, 85% to hit)
You throw a poisoned dart. The poisoned dart hits Duvessa.
Duvessa is almost dead.
Ijyb zaps a wand.
Your will is overpowered!
You are confused.
Duvessa hits you with a +0 short sword.
You feel better. Duvessa hits you with a +0 short sword!
Ijyb zaps a wand.
You resist with some effort. Dowan barely misses you.
Duvessa hits you with a +0 short sword! Magic courses through your body.
Duvessa closely misses you.
Ijyb screams, "No!
No, no, no, no!"
Ijyb zaps a wand.
Your will is overpowered!
You are confused.
Dowan hits you with a +0 dagger.
You feel better. Duvessa hits you with a +0 short sword!
Ijyb zaps a wand.
You resist with some effort.
Dowan gestures wildly while chanting.
Dowan blinks!
Duvessa hits you with a +0 short sword!
Casting: Iskenderun's Mystic Blast (quite dangerous; 24% risk of failure)
Confirm with . or Enter, or press ? or * to list all spells.
The spell is quite dangerous to miscast (24% risk of failure)!
Continue anyway?
You erupt in a blast of force!
The mystic blast hits Ijyb.
Ijyb is moderately wounded.
Ijyb is knocked back by the mystic blast.
Ijyb enters a dispersal trap!
Duvessa blinks!
Dowan blinks!
Duvessa blinks!
You blink.
Ijyb blinks!
The mystic blast hits Duvessa.
Duvessa is almost dead.
Dowan closely misses you.
Ijyb zaps a wand.
You resist with some effort.
Unknown command.
Casting: Iskenderun's Mystic Blast (quite dangerous; 24% risk of failure)
Confirm with . or Enter, or press ? or * to list all spells.
The spell is quite dangerous to miscast (24% risk of failure)!
Continue anyway?
You miscast Iskenderun's Mystic Blast.
You are very lightly contaminated with residual magic.
A wave of violent energy washes through your body!
* * * LOW HITPOINT WARNING * * *
Dowan hits you with a +0 dagger.
You die...

...### #.#
#...# #.###
#.. +...# #
### #...#
#...#
#...######
#....<.(.#
#§..§§.(.#
#g.......####
##@....[....#
#e....§..#.#
##########.#
.# .# §# .#
.#


You could see Ijyb and Dowan.

Vanquished Creatures
  An ogre (D:5)
  A centaur (D:5)
  A phantom (D:5)
  A scorpion (D:5)
  A hound (D:5)
  3 iguanas
  An adder (D:5)
  A dart slug (D:2)
  3 orcs
  4 bats
  8 endoplasms
  A giant cockroach (D:3)
  5 goblins
  7 hobgoblins
  2 jackals (D:1)
  4 kobolds
  A quokka (D:1)
  5 ball pythons
  2 frilled lizards (D:2)
  3 rats
55 creatures vanquished.

Notes
Turn   | Place    | Note
-------+----------+-------------------------------------------
     0 | D:1      | raistware the Octopode Conjurer began the quest for the
                  | Orb.
     0 | D:1      | Reached XP level 1. HP: 11/11 MP: 3/3
   172 | D:1      | Reached XP level 2. HP: 17/17 MP: 0/5
   762 | D:1      | Reached XP level 3. HP: 21/21 MP: 3/7
  1268 | D:2      | You fall into a shaft and drop 2 floors!
  1411 | D:4      | Found Focsucoa's Antique Armour Emporium.
  2196 | D:2      | Found a faded altar of an unknown god.
  2529 | D:3      | Found a white marble altar of Elyvilon.
  3374 | D:4      | Found a staircase to the Ecumenical Temple.
  3523 | D:4      | Reached XP level 4. HP: 27/27 MP: 2/10
  3528 | D:4      | Learned a level 4 spell: Iskenderun's Mystic Blast
  3533 | D:4      | Learned a level 4 spell: Olgreb's Toxic Radiance
  3691 | D:5      | Entered Level 5 of the Dungeon
  3793 | D:5      | Noticed Menkaure
  3810 | D:5      | Found a stormy altar of Qazlal.
  3816 | D:5      | Noticed a black bear
  3820 | D:5      | Noticed a centaur
  3835 | D:5      | Killed a centaur
  3836 | D:5      | Reached skill level 1 in Ice Magic
  3836 | D:5      | Reached skill level 1 in Poison Magic
  3836 | D:5      | Reached XP level 5. HP: 4/32 MP: 5/11
  3899 | D:5      | Reached skill level 1 in Fighting
  3899 | D:5      | Reached skill level 1 in Staves
  3899 | D:5      | Reached skill level 1 in Translocations
  3956 | D:5      | Noticed an ogre
  3965 | D:5      | Killed an ogre
  3966 | D:5      | Reached XP level 6. HP: 38/38 MP: 3/12
  4112 | D:5      | HP: 1/38 [poisoned by a scorpion]
  4216 | D:5      | Reached skill level 5 in Conjurations
  4373 | D:5      | Reached XP level 7. HP: 38/44 MP: 4/13
  4524 | D:5      | Noticed Duvessa
  4524 | D:5      | Noticed Dowan
  4535 | D:5      | Noticed Ijyb
  4549 | D:5      | Slain by Dowan

Illustrated notes

Levels and vault maps discovered:
D:1:      eino_arrival_druids_welcome, layout_basic, minmay_misc_feat_doors,
          roderic_three_in_a_row
D:2:      minmay_door_path, layout_loops_ring,
          hellmonk_ecumenical_altar_inner_sanctum
D:3:      layout_basic, elyvilon_altar_1, minmay_hedge_maze, hex_intersection,
          serial_park_tiny_2
D:4:      layout_loops_cross, minmay_temple_entry_from_below_a, serial_shops,
          nicolae_shop_trees
D:5:      layout_basic, lemuel_coloured_pillars_altar, amcnicky_altar_gilded,
          nrook_loot_triangle, uniq_eustachio, uniq_menkaure, uniq_ijyb,
          uniq_duvessa

Skill      XL: |  1  2  3  4  5  6  7 |
---------------+----------------------+-----
Spellcasting   | 3 4 |  4.0
Ice Magic      | 1 |  1.0
Poison Magic   | 1 |  1.0
Fighting       | 1 2 |  2.0
Staves         | 1 |  1.9
Translocations | 1 |  1.9
Conjurations   | 5 |  5.2
Dodging        | 3 |  3.0
Stealth        | |  2.7

Action                   |  1- 3 |  4- 6 |  7- 9 || total
-------------------------+-------+-------+-------++-------
Melee: Unarmed           |     3 |       |       ||     3
       Tentacles         |     2 |     1 |       ||     3
       Staff             |     3 |     6 |       ||     9
       Constrict         |     1 |     1 |       ||     2
Throw: Dart              |       |     4 |     2 ||     6
 Cast: Magic Dart        |    90 |    41 |     8 ||   139
       Iskenderun's Myst |       |     3 |     6 ||     9
  Use: Potion            |       |     1 |     4 ||     5
Armor: Skin              |     1 |     3 |       ||     4
Dodge: Dodged            |    11 |    24 |     7 ||    42
